 Dungeon Crawl Stone Soup version 0.18-a0-846-g91b95b1 (webtiles) character file.

646 Raultor the Changer (level 7, -6/57 HPs)
             Began as a Mottled Draconian Transmuter on Dec 20, 2015.
             Was an Initiate of Ashenzari.
             Mangled by Duvessa
             ... wielding a +0 rapier
              (20 damage)
             ... on level 6 of the Dungeon.
             The game lasted 00:15:29 (6146 turns).

Raultor the Changer (Mottled Draconian Transmuter)  Turns: 6146, Time: 00:15:30

Health: -6/57      AC:  3    Str:  8 (12) XL:     7   Next: 27%
Magic:  10/10      EV: 18    Int: 14      God:    Ashenzari [......]
Gold:   213        SH:  0    Dex: 13      Spells: 2 memorised, 7 levels left

rFire  . . .     SeeInvis .       - Unarmed
rCold  . . .     Gourm    .     (armour unavailable)
rNeg   . . .     Faith    .     (no shield)
rPois  .         Spirit   .     (helmet restricted)
rElec  .         Dismiss  .     (no cloak)
rCorr  .         Reflect  .     (no gloves)
SustAt .         Harm     .     (no boots)
MR     .....                    (no amulet)
Stlth  +.........               m - +5 ring of evasion (curse)
                                f - -3 ring of protection (curse)

@: confused, short of breath, not resistant to hostile enchantments, very
unstealthy
A: breathe sticky flame splash, unfitting armour, cold-blooded, AC +6
a: Breathe Sticky Flame, Renounce Religion


You were on level 6 of the Dungeon.
You worshipped Ashenzari.
Ashenzari was noncommittal.
You were not hungry.

You visited 2 branches of the dungeon, and saw 7 of its levels.

You collected 213 gold pieces.

Inventory:

Missiles
 a - 65 arrows
 D - 9 arrows of dispersal {=f}
Jewellery
 f - a cursed -3 ring of protection (left hand)
   (You took it off a hobgoblin on level 1 of the Dungeon)
 m - a cursed +5 ring of evasion (right hand)
   (You found it on level 2 of the Dungeon)
Wands
 u - a wand of draining (9/15)
   (You found it on level 4 of the Dungeon)
 z - a wand of slowing (21/48)
   (You found it on level 4 of the Dungeon)
Scrolls
 e - 3 scrolls of teleportation
 i - a scroll of fog
 k - 2 scrolls of amnesia {unknown}
 w - a scroll of blinking {unknown}
 x - a scroll of identify
 y - a scroll of noise {unknown}
 A - a scroll of magic mapping {unknown}
 B - 2 scrolls of curse weapon
 C - a scroll of remove curse
Potions
 g - a potion of cure mutation {unknown}
 h - a potion of might {unknown}
 j - 2 potions of magic
 l - a potion of haste {unknown}
 n - a potion of brilliance {unknown}
 p - a potion of invisibility {unknown}
 r - 2 potions of curing
 t - a potion of heal wounds {unknown}
Books
 b - a book of Changes
 o - a book of Burglary
   (You found it on level 2 of the Dungeon)
Comestibles
 c - 4 bread rations {@e1}
 d - 2 slices of pizza
 v - 2 meat rations {@e2}
 E - 5 chunks of flesh {@w0}


   Skills:
 + Level 3.5 Fighting
 + Level 3.5 Dodging
 + Level 4.6 Unarmed Combat
 - Level 2.0 Spellcasting
 * Level 5.5 Transmutations


You had 7 spell levels left.
You knew the following spells:

 Your Spells              Type           Power        Failure   Level  Hunger
a - Beastly Appendage     Trmt           ###...       2%          1    ##.....
s - Sticks to Snakes      Trmt           ###.....     3%          2    ###....


Dungeon Overview and Level Annotations

Branches:
Dungeon (6/15)             Temple (1/1) D:4

Altars:
Ashenzari
Dithmenos
Elyvilon
Fedhas
Gozag
Kikubaaqudgha
Makhleb
Okawaru
Pakellas
Qazlal
Ru
Sif Muna
Vehumet
The Shining One

Annotations:
D:5 exclusion: statue, Borgoz's ghost, novice KoAs
D:6 Blork the orc; Duvessa


Innate Abilities, Weirdness & Mutations

You can spit globs of burning liquid.
You can ignite nearby creatures when you spit burning liquid.
Your weird mottled scales are hard (AC +6).
Your body does not fit into most forms of armour.
You are cold-blooded and may be slowed by cold attacks.


Message History

The giant frog burns!
The giant frog closely misses you. The giant frog hits you.
You take 3 damage, and have 30/57 hp.
You hit the giant frog.
You kill the giant frog!
Things that are here:
a giant frog corpse; a hound corpse You butcher the giant frog corpse.
E - 4 chunks of flesh {@w0} You see here a hound corpse.
You butcher the hound corpse.
E - 7 chunks of flesh {@w0} (gained 3)
You start resting.
Eating one of 7 chunks of flesh {@w0}.
You continue eating. x2
You have got your breath back.
You start resting.
Health restored: 57
There is a stone staircase leading down here.
You now have 213 gold pieces (gained 19).
Eating one of 6 chunks of flesh {@w0}.
You continue eating. x2
Found a stone staircase leading up.
There is a stone staircase leading up here.
Dowan, Brother of Duvessa comes into view.
He is wielding a dagger of electrocution.
Dowan shouts!
Dowan casts a spell at you. The puff of flame hits you!
You take 14 damage, and have 43/57 hp.
MASSIVE DAMAGE!!
Casting: Sticks to Snakes You create a snake!
You now have 75 arrows.
You now have 8/10 mp.
Casting: Sticks to Snakes You create a snake!
You now have 74 arrows.
You now have 6/10 mp.
Your adder bites Dowan but does no damage.
Dowan hits your adder with a dagger of electrocution.
Your adder closely misses Dowan.
Dowan hits your adder but does no damage.
Your adder closely misses Dowan.
Duvessa drinks a potion.
Duvessa suddenly seems more resistant.
Your ball python closely misses Dowan.
Your ball python barely misses Dowan.
Dowan barely misses you.
You hit Dowan.
Your adder barely misses Dowan.
Your ball python barely misses Dowan.
Your ball python grabs Dowan.
Your ball python constricts Dowan.
Dowan barely misses you.
You punch Dowan! You tail-slap Dowan, but do no damage. You punch Dowan.
Your adder bites Dowan.
Your ball python bites Dowan but does no damage.
Your ball python constricts Dowan.
Duvessa hits your adder with a rapier.
Dowan hits you with a dagger of electrocution.
You are electrocuted!
You take 16 damage, and have 29/57 hp.
MASSIVE DAMAGE!!
You hit Dowan.
You kill Dowan!
Duvessa screams, "No!
How DARE you!"
Duvessa goes berserk!
Okay, then.
Firing (i - inventory): No suitable missiles.
Aim: Duvessa, wielding a rapier and wearing a glowing chain mail (berserk, fast, unusually strong, unusually resistant)
Okay, then.
Aim: Duvessa, wielding a rapier and wearing a glowing chain mail (berserk, fast, unusually strong, unusually resistant) Really spit at your ball python and adder?
Okay, then.
Aim: Duvessa, wielding a rapier and wearing a glowing chain mail (berserk, fast, unusually strong, unusually resistant) Really spit at your ball python and adder?
You spit a glob of burning liquid.
You feel somewhat more hungry. Duvessa hits you with a rapier!
Your ball python barely misses Duvessa.
Your ball python grabs Duvessa.
Your ball python constricts Duvessa.
Your adder bites Duvessa but does no damage.
You take 7 damage, and have 22/57 hp.
You hit Duvessa but do no damage. Duvessa hits you with a rapier.
Your adder bites Duvessa but does no damage.
Your ball python bites Duvessa but does no damage.
Your ball python constricts Duvessa.
Duvessa hits your adder with a rapier!
Your adder dies!
Duvessa shouts!
You take 3 damage, and have 19/57 hp.
Your ball python bites Duvessa but does no damage.
Your ball python constricts Duvessa.
Duvessa hits your ball python with a rapier!
Your ball python dies!
Duvessa shouts!
Duvessa barely misses you.
A giant gecko comes into view.
Duvessa hits you with a rapier!
* * * LOW HITPOINT WARNING * * *
There is a stone staircase leading up here.
You take 11 damage, and have 9/57 hp.
Drink which item? (? for menu, Esc to quit)
It was a potion of degeneration.
There was something very wrong with that liquid.
You feel weakened. Duvessa closely misses you.
Drink which item? (? for menu, Esc to quit)
It was a potion of ambrosia.
You are confused.
You feel invigorated. Duvessa misses you. Duvessa hits you with a rapier!!
You die...

....## #.....######..##...#####..
#....###.....# ##...#...#......
##........##.#####..#.......###.#
#.#.####.....#.....#....#####..#
#.#.## #####...............##.##
#.#..# #...l...#.##....##.#
#.##.# #....)..#.##.?..##.#
#..#.# #.#.@......#....##.#
##...# #####.#.e..............#
##..###.....#.....####........
##.....####...................
#>..#...##.....##............
#..####.....).....##.e.......
##...###.#...#.####...
####........#>....# ##


You could see Duvessa (berserk) and a giant gecko.

Vanquished Creatures
  An ogre (D:4)
  A giant frog (D:6)
  A scorpion (D:5)
  Dowan (D:6)
  A hound (D:6)
  Ijyb (D:2)
  A worker ant (D:6)
  A shadow imp (D:6)
  7 adders
  2 oozes
  An adder skeleton (D:4)
  5 worms
  3 orcs
  A giant cockroach (D:1)
  7 goblins
  7 hobgoblins
  8 jackals
  3 quokkas
  2 ball pythons
  7 bats
  A giant gecko (D:1)
  A giant gecko skeleton (D:4)
  3 giant newts
  A jackal skeleton (D:4)
  4 kobolds
  A quokka skeleton (D:4)
  3 rats (D:1)
75 creatures vanquished.

Vanquished Creatures (collateral kills)
  Menkaure (D:6)
  A water moccasin (D:6)
  Terence (D:3)
  An adder skeleton (D:6)
  A giant cockroach (D:6)
5 creatures vanquished.

Grand Total: 80 creatures vanquished

Notes
Turn   | Place    | Note
--------------------------------------------------------------
     0 | D:1      | Raultor the Draconian Transmuter began the quest for the Orb.
     0 | D:1      | Reached XP level 1. HP: 16/16 MP: 3/3
   380 | D:1      | Reached skill level 2 in Dodging
   383 | D:1      | Reached XP level 2. HP: 15/23 MP: 5/5
  1230 | D:2      | Reached XP level 3. HP: 12/28 MP: 6/6
  1532 | D:1      | Learned a level 2 spell: Sticks to Snakes
  1707 | D:2      | Reached skill level 3 in Transmutations
  1887 | D:2      | Noticed Ijyb
  1891 | D:2      | HP: 7/29 [Ijyb (3)]
  1904 | D:2      | Killed Ijyb
  1904 | D:2      | Reached XP level 4. HP: 9/36 MP: 3/7
  2595 | D:2      | Found a white marble altar of Elyvilon.
  3029 | D:3      | Noticed Terence
  3472 | D:3      | Reached skill level 2 in Fighting
  3472 | D:3      | Reached XP level 5. HP: 36/41 MP: 8/8
  3680 | D:3      | Killed Terence
  3733 | D:4      | Reached skill level 4 in Transmutations
  3790 | D:4      | Noticed an ogre
  3804 | D:4      | Killed an ogre
  3804 | D:4      | Reached skill level 4 in Unarmed Combat
  3982 | D:4      | Found a stormy altar of Qazlal.
  3982 | D:4      | Found an opulent altar of Gozag.
  4064 | D:4      | Found an ancient bone altar of Kikubaaqudgha.
  4068 | D:4      | Found a sacrificial altar of Ru.
  4225 | D:4      | Found a staircase to the Ecumenical Temple.
  4279 | Temple   | Entered the Ecumenical Temple
  4326 | Temple   | Became a worshipper of Ashenzari the Shackled
  4488 | D:5      | Entered Level 5 of the Dungeon
  4499 | D:5      | Reached XP level 6. HP: 38/50 MP: 9/9
  4658 | D:5      | Reached skill level 3 in Dodging
  4670 | D:5      | Noticed Borgoz's ghost (novice KoAs)
  4717 | D:6      | HP: 12/50 [poisoned by Borgoz's ghost]
  4723 | D:6      | HP: 9/50 [poisoned by Borgoz's ghost]
  4730 | D:6      | HP: 7/50 [poisoned by Borgoz's ghost]
  4737 | D:6      | HP: 6/50 [poisoned by Borgoz's ghost]
  4745 | D:6      | HP: 6/50 [poisoned by Borgoz's ghost]
  5025 | D:6      | Noticed Duvessa
  5058 | D:5      | Found a radiant altar of Vehumet.
  5186 | D:6      | Noticed Menkaure
  5193 | D:6      | HP: 12/50 [Menkaure (14)]
  5196 | D:6      | HP: 4/50 [Menkaure/nerve-wracking pain (9)]
  5197 | D:6      | Killed Menkaure
  5266 | D:6      | Noticed a water moccasin
  5486 | D:6      | Reached skill level 5 in Transmutations
  5559 | D:6      | Killed a water moccasin
  5559 | D:6      | Reached skill level 3 in Fighting
  5563 | D:6      | HP: 12/51 [poisoned by a water moccasin]
  5569 | D:6      | HP: 10/51 [poisoned by a water moccasin]
  5575 | D:6      | HP: 9/51 [poisoned by a water moccasin]
  5583 | D:6      | HP: 9/51 [poisoned by a water moccasin]
  5887 | D:6      | Noticed Blork the orc
  5913 | D:6      | Your scales start taking on a weird mottled colour.
  5913 | D:6      | Reached XP level 7. HP: 40/57 MP: 10/10
  6123 | D:6      | Noticed Dowan
  6137 | D:6      | Killed Dowan
  6144 | D:6      | HP: 9/57 [Duvessa/rapier (11)]
  6146 | D:6      | Mangled by Duvessa

Vault maps used:
D:1:      dpeg_cavernosity, hangedman_abyss_or_decor_lesser_grid,
          grunt_decor_one_mirror
D:2:      serial_co_window_serial, co_window_of_opportunity_a,
          co_window_paths_a, co_window_paths_a, co_window_paths_a,
          co_window_of_opportunity_a, co_window_of_opportunity_c,
          co_window_corner_ca, co_window_2corner, glass_columns_c,
          glass_columns_a, glass_columns_a, glass_columns_b, glass_columns_c,
          elyvilon_altar_4, uniq_iyjb
D:3:      first_bread, grunt_ministairs_10, uniq_terence
D:4:      nicolae_overflow_hidden_temple, gammafunk_temple_overflow_wave,
          minmay_temple_entry_statues_pillars, mrwooster_statue_mirror
D:5:      vehumet_statue
D:6:      uniq_eustachio, uniq_blork_the_orc, uniq_menkaure, uniq_duvessa
Temple:   temple_eino_lava_8

Action                   |  1- 3 |  4- 6 |  7- 9 || total
-------------------------+-------+-------+-------++-------
Melee: Unarmed           |   168 |   286 |     9 ||   463
 Cast: Sticks to Snakes  |     2 |    11 |     2 ||    15
 Abil: Breathe Sticky Fl |       |       |     2 ||     2
  Use: Scroll            |     4 |     1 |       ||     5
       Potion            |       |     3 |     2 ||     5
 Stab: Sleeping          |     1 |     2 |       ||     3
       Distracted        |       |     1 |       ||     1
  Eat: Chunk             |     3 |    12 |     2 ||    17
       Pizza             |       |     1 |       ||     1

Vault maps used:
D:1:      dpeg_cavernosity, hangedman_abyss_or_decor_lesser_grid,
          grunt_decor_one_mirror
D:2:      serial_co_window_serial, co_window_of_opportunity_a,
          co_window_paths_a, co_window_paths_a, co_window_paths_a,
          co_window_of_opportunity_a, co_window_of_opportunity_c,
          co_window_corner_ca, co_window_2corner, glass_columns_c,
          glass_columns_a, glass_columns_a, glass_columns_b, glass_columns_c,
          elyvilon_altar_4, uniq_iyjb
D:3:      first_bread, grunt_ministairs_10, uniq_terence
D:4:      nicolae_overflow_hidden_temple, gammafunk_temple_overflow_wave,
          minmay_temple_entry_statues_pillars, mrwooster_statue_mirror
D:5:      vehumet_statue
D:6:      uniq_eustachio, uniq_blork_the_orc, uniq_menkaure, uniq_duvessa
Temple:   temple_eino_lava_8

Table legend:
 A = Turns spent in this place as a percentage of turns spent in the entire game.
 B = Non-inter-level travel turns spent in this place as a percentage of non-inter-level travel turns spent in the entire game.
 C = Inter-level travel turns spent in this place as a percentage of turns spent in this place.
 D = Turns resting spent in this place as a percentage of non-inter-level travel turns spent in this place.
 E = Turns spent auto-exploring this place as a percentage of non-inter-level travel turns spent in this place.
 F = Non-inter-level travel turns spent in this place divided by the number of levels of this place that you've seen.
                   A       B       C       D       E      F
               +-------+-------+-------+-------+-------+----------------------
         Total | 100.0 | 100.0 |   0.6 |   4.9 |  10.6 | 169.9
       Dungeon |  96.2 |  96.2 |   0.6 |   5.1 |  10.8 | 190.7
        Temple |   3.8 |   3.8 |   0.0 |   0.0 |   4.4 |  45.0
               +-------+-------+-------+-------+-------+----------------------

Table legend:
 A = Kills in this place as a percentage of kills in entire the game.
 B = Kills by you in this place as a percentage of kills by you in the entire game.
 C = Kills by friends in this place as a percentage of kills by friends in the entire game.
 D = Other kills in this place as a percentage of other kills in the entire game.
 E = Experience gained in this place as a percentage of experience gained in the entire game.
 F = Experience gained in this place divided by the number of levels of this place that you have seen.
                   A       B       C       D       E      F
               +-------+-------+-------+-------+-------+----------------------
         Total | 100.0 | 100.0 | 100.0 |  -nan | 100.0 | 132.0
       Dungeon | 100.0 | 100.0 | 100.0 |  -nan | 100.0 | 154.0
               +-------+-------+-------+-------+-------+----------------------
